 Dungeon Crawl Stone Soup version 0.21-a0-79-g04744e2 (webtiles) character file.

31768 KristoblXynda the Carver (level 13, -1/87 HPs)
             Began as a Demonspawn Gladiator on June 22, 2017.
             Was an Elder of Nemelex Xobeh.
             Slain by a white ugly thing (9 damage)
             ... on level 13 of the Dungeon.
             The game lasted 00:50:24 (14604 turns).

KristoblXynda the Carver (Demonspawn Gladiator)    Turns: 14604, Time: 00:50:24

Health: -1/87      AC: 28    Str: 18    XL:     13   Next: 27%
Magic:  20/20      EV: 10    Int: 16    God:    Nemelex Xobeh [****..]
Gold:   630        SH:  9    Dex: 14    Spells: 4/12 levels left

rFire    + + .     SeeInvis +   Z - +8 demon blade "Bloodbane" {slice, *Rage +Rage Stlth-}
rCold    + . .     Gourm    .   y - +0 buckler
rNeg     . . .     Faith    .   O - +5 chain mail of Peek-a-Boo {rPois rF+ Int+4 Stlth-}
rPois    +         Spirit   .   B - +1 helmet
rElec    .         Reflect  +   v - +1 cloak
rCorr    .         Harm     .   t - +1 pair of gloves
MR       .....     Rnd*Rage +   z - +0 pair of boots
Stlth    ..........             x - +4 amulet of reflection
HPRegen  3.24/turn              N - ring of see invisible
MPRegen  0.17/turn              o - ring of protection from cold

@: lethally poisoned (-1 -> -1)
A: claws 1, rugged brown scales 2, fire resistance 1, mutation resistance 1,
powered by death 3
a: Triple Draw, Deal Four, Renounce Religion, Evoke Berserk Rage


You were on level 13 of the Dungeon.
You worshipped Nemelex Xobeh.
Nemelex Xobeh was greatly pleased with you.
You were not hungry.

You visited 2 branches of the dungeon, and saw 15 of its levels.
You also visited: Labyrinth.

You collected 630 gold pieces.

Inventory:

Hand Weapons
 Z - the +8 demon blade "Bloodbane" (weapon) {slice, *Rage +Rage Stlth-}
   (You found it in a labyrinth)

   It inflicts extra damage upon your enemies.
   It lets you go berserk.
   It may make you go berserk in combat.
   It makes you less stealthy.
Missiles
 d - 4 throwing nets (quivered)
Armour
 t - a +1 pair of gloves (worn)
 v - a +1 cloak (worn)
 y - a +0 buckler (worn)
 z - a +0 pair of boots (worn)
 B - a +1 helmet (worn)
 O - the +5 chain mail of Peek-a-Boo (worn) {rPois rF+ Int+4 Stlth-}
   (You found it on level 10 of the Dungeon)

   It affects your intelligence (+4).
   It protects you from fire.
   It protects you from poison.
   It makes you less stealthy.
Jewellery
 j - an uncursed ring of resist corrosion
 o - a ring of protection from cold (right hand)
 x - a +4 amulet of reflection (around neck)
 N - a ring of see invisible (left hand)
Wands
 L - a wand of scattershot (6/9)
Scrolls
 b - a scroll of blinking
 g - a scroll of fog
 h - 5 scrolls of remove curse
 m - 2 scrolls of teleportation
 q - a scroll of recharging
 H - a scroll of identify
 J - a scroll of magic mapping
Potions
 a - a potion of invisibility
 i - a potion of agility
 l - a potion of flight
 n - 2 potions of resistance
 p - 2 potions of haste
 s - 2 potions of might
 u - 9 potions of curing
 A - a potion of brilliance
 C - 2 potions of ambrosia
 F - a potion of mutation
 M - 3 potions of lignification
 P - a potion of berserk rage
 R - a potion of cancellation {unknown}
Miscellaneous
 c - a legendary deck of summoning
 r - a legendary deck of destruction
 w - an ornate deck of summoning {drawn: 4}
 D - a plain deck of summoning
 E - an ornate deck of escape
 G - a legendary deck of destruction
 I - a plain deck of summoning
 K - an ornate deck of destruction
Comestibles
 f - 8 bread rations
 k - 9 meat rations
 Q - a royal jelly
 S - 6 chunks of flesh


   Skills:
 - Level 2.0 Fighting
 + Level 13.1 Long Blades
 - Level 3.1 Throwing
 + Level 11.6 Armour
 - Level 5.1 Dodging
 - Level 4.3 Shields
 + Level 10.6 Invocations
 - Level 6.0 Evocations


You had 4 spell levels left.
You knew the following spells:

 Your Spells              Type           Power        Failure   Level  Hunger
a - Controlled Blink      Tloc           N/A          100%        8    #######


Dungeon Overview and Level Annotations

Branches:
Dungeon (12/15)            Temple (0/1) D:6            Lair (2/6) D:9
  Swamp (0/4) Lair:2          Orc (0/2) D:9
  Snake: Lair:2-4    Spider: Lair:2-4

Altars:
Dithmenos
Nemelex Xobeh
Uskayaw
Vehumet
Xom
The Shining One

Shops:
D:7 }   D:10 [

Portals:
Trove: D:12 (give 8 potions of haste)

Annotations:
D:4 Natasha
D:13 Rupert


Innate Abilities, Weirdness & Mutations

You have sharp fingernails.
You are mostly covered in rugged brown scales. (AC +2, +5% HP)
Your flesh is heat resistant. (rF+)
You regenerate a lot of health from kills.
You are somewhat resistant to further mutation.


Message History

Your molten gargoyle hits the human with a dire flail.
The human is engulfed in flames!
The human dies!
The human misses you.
You riposte.
You slash the human!
You kill the human!
The white ugly thing bites you. The white ugly thing freezes you! You resist.
* * * LOW HITPOINT WARNING * * *
Unknown command.
You feel sick.
Rupert rages.
Rupert hits you with a great sword of protection!!
* * * LOW HITPOINT WARNING * * *
Your catoblepas gores Rupert!!
Your polar bear bites Rupert.
Your polar bear misses Rupert.
Your polar bear claws Rupert but does no damage.
The white ugly thing bites you.
* * * LOW HITPOINT WARNING * * *
The white ugly thing freezes you! You resist.
You die...
Your body glows with a rainbow of weird colours and disappears.

....#....## ...
#.....## ## #...#..#
#...#..# #.###..# #
#.# #..## # ####.#
#...# ### ####.#(.#
###.####.. #.(@.9(##
#....... #..u@(#.#
###..... #..h.Y.#
#####..... #.....#..
#.........
#...(...###.........
...........#
#.........
######)..#.#
#.....#### #...#.#
#.....# # ....#..
#.....# #


You could see Rupert (berserk), a white ugly thing, a friendly catoblepas, a
friendly polar bear and a friendly molten gargoyle.

Vanquished Creatures
  An entropy weaver (D:10)
  Erolcha (D:9)
  6 two-headed ogres
  An unseen horror (D:11)
  A deep elf mage (D:12)
  An orc knight (D:13)
  An ugly thing (D:13)
  A manticore (D:13)
  2 cyclopes
  Psyche (D:10)
  2 spiny frogs (Lair:2)
  2 kobold demonologists
  3 centaur skeletons
  3 trolls
  A tyrant leech (Lair:2)
  A meliai (D:13)
  A hornet (D:10)
  A merfolk (D:9)
  A minotaur skeleton (Lab)
  3 hippogriffs
  27 yaks
  A wraith (D:11)
  11 humans (D:13)
  Grum (Lair:1)
  A hungry ghost (Lab)
  3 wargs (D:9)
  Menkaure (D:5)
  3 acid dragons
  A soldier ant (D:5)
  3 water moccasins
  3 porcupines
  9 ice beasts
  3 sky beasts
  2 black bears
  2 eyes of draining
  An orc warrior (D:8)
  5 phantoms
  10 ogres
  4 wolves (Lair:1)
  A centaur (D:10)
  3 big kobolds
  5 crocodiles
  A wyvern zombie (D:13)
  8 bullfrogs
  2 wyvern skeletons
  6 scorpions
  12 killer bees
  8 wights
  9 howler monkeys
  6 crimson imps
  2 bullfrog zombies
  2 quasits
  3 centaur zombies
  A jelly (D:5)
  5 orc priests
  9 hounds
  9 orc wizards
  A bullfrog skeleton (D:7)
  Natasha (D:4)
  7 worker ants
  A hound skeleton (D:6)
  9 gnolls
  A howler monkey skeleton (D:6)
  12 adders
  2 shadow imps
  An adder skeleton (D:7)
  2 worms (D:2)
  4 dart slugs
  3 leopard geckos
  44 orcs
  2 ball pythons
  12 giant cockroaches
  9 hobgoblins
  16 jackals
  5 quokkas
  7 bats
  7 frilled lizards
  3 goblins
  A jackal skeleton (D:5)
  16 kobolds
  8 rats
391 creatures vanquished.

Vanquished Creatures (collateral kills)
  A minotaur (Lab)
  A hydra (Lair:2)
  A death knight (D:13)
  A gargoyle (D:13)
  A komodo dragon (Lair:2)
  A meliai (D:13)
  5 yaks
  2 humans (D:13)
  An orc warrior (D:8)
  A sky beast (D:11)
  2 killer bees (D:11)
  An orc priest (D:8)
  A jelly (D:13)
  A gnoll shaman (D:5)
  An orc wizard (D:11)
  A bullfrog skeleton (D:11)
  4 gnolls (D:5)
  3 orcs
29 creatures vanquished.

Vanquished Creatures (others)
  Nessos (D:13)
  Sonja (Lair:2)
  A wight (D:7)
  A kobold (D:12)
  3 fungi (Lair:2)
7 creatures vanquished.

Grand Total: 427 creatures vanquished

Notes
Turn   | Place    | Note
-------+----------+-------------------------------------------
     0 | D:1      | KristoblXynda the Demonspawn Gladiator began the quest for the Orb.
     0 | D:1      | Reached XP level 1. HP: 16/16 MP: 1/1
    41 | D:1      | Reached skill level 3 in Long Blades
   133 | D:1      | Gained mutation: You have sharp fingernails. [demonic ancestry]
   133 | D:1      | Reached XP level 2. HP: 21/22 MP: 2/2
   162 | D:1      | Reached skill level 1 in Armour
   685 | D:1      | Reached XP level 3. HP: 21/27 MP: 3/3
   884 | D:1      | Found a glowing golden altar of the Shining One.
  1036 | D:2      | Found a faded altar of an unknown god.
  1230 | D:2      | Gained mutation: You are partially covered in rugged brown scales. (AC +1, +3% HP) [demonic ancestry]
  1230 | D:2      | Reached XP level 4. HP: 22/33 MP: 4/4
  1612 | D:2      | Reached skill level 4 in Long Blades
  2075 | D:3      | Gained mutation: You regenerate a little health from kills. [demonic ancestry]
  2075 | D:3      | Reached XP level 5. HP: 38/39 MP: 5/5
  2463 | D:3      | Found a hide-covered altar of Uskayaw.
  2471 | D:3      | Reached skill level 5 in Long Blades
  2476 | D:3      | Noticed a dagger
  2477 | D:3      | Noticed a dagger
  2917 | D:4      | Noticed an ice beast
  2936 | D:4      | Killed an ice beast
  2936 | D:4      | Gained mutation: You regenerate health from kills. [demonic ancestry]
  2936 | D:4      | Reached XP level 6. HP: 45/45 MP: 6/6
  3369 | D:4      | Found a glowing golden altar of the Shining One.
  3579 | D:4      | Noticed Natasha
  3583 | D:4      | Killed Natasha
  3709 | D:4      | Noticed an ice beast
  3724 | D:4      | Killed an ice beast
  3724 | D:4      | Reached skill level 6 in Long Blades
  3724 | D:4      | Gained mutation: You are mostly covered in rugged brown scales. (AC +2, +5% HP) [demonic ancestry]
  3724 | D:4      | Reached XP level 7. HP: 24/52 MP: 7/7
  3726 | D:4      | Noticed Natasha
  3950 | D:5      | Entered Level 5 of the Dungeon
  4187 | D:5      | Noticed Menkaure
  4196 | D:5      | Killed Menkaure
  4450 | D:5      | Found a sparkling altar of Nemelex Xobeh.
  4481 | D:5      | Became a worshipper of Nemelex Xobeh the Trickster
  4526 | D:5      | Reached skill level 1 in Invocations
  4526 | D:5      | Gained mutation: You regenerate a lot of health from kills. [demonic ancestry]
  4526 | D:5      | Reached XP level 8. HP: 49/58 MP: 8/8
  4583 | D:5      | Received a gift from Nemelex Xobeh
  4595 | D:5      | Noticed a red devil
  4918 | D:5      | Reached skill level 7 in Long Blades
  4978 | D:5      | Reached skill level 5 in Armour
  5084 | D:5      | Found a runed door.
  5097 | D:5      | Found a runed door.
  5434 | D:5      | Reached * piety under Nemelex Xobeh
  5434 | D:5      | Received a gift from Nemelex Xobeh
  5804 | D:6      | Found a staircase to the Ecumenical Temple.
  6144 | D:6      | Reached skill level 5 in Invocations
  6204 | D:6      | Reached XP level 9. HP: 56/64 MP: 12/12
  6228 | D:6      | Found a shadowy altar of Dithmenos.
  6514 | D:7      | Received a gift from Nemelex Xobeh
  6563 | D:7      | Reached skill level 8 in Long Blades
  6682 | D:7      | Reached ** piety under Nemelex Xobeh
  6702 | D:7      | Gained mutation: You are somewhat resistant to further mutation. [potion of mutation]
  6761 | D:7      | HP: 3/64 [acid (8)]
  7064 | D:7      | Got an ancient tin amulet
  7085 | D:7      | Identified the amulet of Revaewka {Gourm *Corrode +Blink rC+ Int+8} (You found it on level 7 of the Dungeon)
  7328 | D:7      | Found Jodup's Gadget Emporium.
  7973 | D:8      | Noticed a two-headed ogre
  7980 | D:8      | Killed a two-headed ogre
  7980 | D:8      | Reached skill level 9 in Long Blades
  7995 | D:8      | Reached XP level 10. HP: 69/70 MP: 14/14
  8039 | D:8      | Received a gift from Nemelex Xobeh
  8081 | D:8      | Found a radiant altar of Vehumet.
  8505 | D:9      | Reached skill level 5 in Dodging
  8506 | D:9      | Reached *** piety under Nemelex Xobeh
  8578 | D:9      | Reached skill level 1 in Evocations
  8673 | D:9      | Received a gift from Nemelex Xobeh
  8698 | D:9      | Found a staircase to the Orcish Mines.
  8869 | D:9      | Noticed Erolcha
  8873 | D:9      | Killed Erolcha
  8873 | D:9      | Reached skill level 10 in Long Blades
  9093 | D:9      | Found a staircase to the Lair.
  9117 | Lair:1   | Entered Level 1 of the Lair of Beasts
  9128 | Lair:1   | Gained mutation: Your flesh is heat resistant. (rF+) [demonic ancestry]
  9128 | Lair:1   | Reached XP level 11. HP: 66/75 MP: 15/15
  9258 | Lair:1   | Received a gift from Nemelex Xobeh
  9363 | Lair:1   | Learned a level 8 spell: Controlled Blink
  9396 | Lair:1   | Noticed Grum
  9415 | Lair:1   | Killed Grum
  9444 | Lair:1   | Reached skill level 5 in Evocations
  9530 | Lair:1   | Reached **** piety under Nemelex Xobeh
  9589 | Lair:1   | You fall through a shaft!
  9625 | Lair:2   | Received a gift from Nemelex Xobeh
  9732 | Lair:2   | Noticed Sonja
  9736 | Lair:2   | Killed Sonja
  9736 | Lair:2   | Reached skill level 1 in Shields
  9981 | Lair:2   | Received a gift from Nemelex Xobeh
 10091 | Lair:2   | Reached ***** piety under Nemelex Xobeh
 10120 | Lair:2   | Received a gift from Nemelex Xobeh
 10129 | Lair:2   | Noticed an eight-headed hydra
 10137 | Lair:2   | Killed a nine-headed hydra
 10530 | Lair:2   | Found a staircase to the Swamp.
 10589 | Lair:2   | Reached skill level 11 in Long Blades
 11610 | D:10     | Entered Level 10 of the Dungeon
 11610 | D:10     | Noticed a two-headed ogre
 11619 | D:10     | Killed a two-headed ogre
 11671 | D:10     | Got a heavily runed chain mail
 11682 | D:10     | Identified the +5 chain mail of Peek-a-Boo {rPois rF+ Int+4 Stlth-} (You found it on level 10 of the Dungeon)
 11795 | D:10     | Noticed a four-headed hydra
 11797 | D:10     | Noticed an entropy weaver
 11797 | D:10     | a four-headed hydra changed into an entropy weaver
 11816 | D:10     | Killed an entropy weaver
 11913 | D:10     | Noticed Psyche
 11914 | D:10     | Reached XP level 12. HP: 61/81 MP: 16/16
 11921 | D:10     | Killed Psyche
 11973 | D:10     | Reached skill level 10 in Armour
 12005 | D:10     | Received a gift from Nemelex Xobeh
 12359 | D:10     | Noticed a two-headed ogre
 12366 | D:10     | Killed a two-headed ogre
 12375 | D:10     | Found Xen Sonu's Antique Armour Shoppe.
 12522 | D:11     | Received a gift from Nemelex Xobeh
 12549 | D:11     | Reached skill level 12 in Long Blades
 12614 | D:11     | Found a labyrinth entrance.
 12620 | Lab      | Entered a labyrinth
 12810 | Lab      | Noticed a minotaur
 12820 | Lab      | Killed a minotaur
 12822 | Lab      | Got a clouded turquoise ring
 12823 | Lab      | Got a pitted falchion {elec}
 12823 | Lab      | Got a crude plate armour
 12828 | Lab      | Got a crude jade amulet
 12831 | Lab      | Identified the +6 falchion of Corruption {elec, MR+} (You took it off a minotaur in a labyrinth)
 13010 | Lair:1   | Identified the cursed +0 plate armour of Hospitality {+Inv rF+ Str-3} (You took it off a minotaur in a labyrinth)
 13025 | Lair:1   | Identified the amulet of Charity {Faith Str+3 Stlth+} (You found it in a labyrinth)
 13031 | Lair:1   | Identified the ring of Maocox {Fire +Fly rElec MP-9 Int+2} (You took it off a minotaur in a labyrinth)
 13259 | D:11     | Noticed a two-headed ogre
 13265 | D:11     | Killed a two-headed ogre
 13311 | D:11     | Noticed a two-headed ogre
 13324 | D:11     | Killed a two-headed ogre
 13671 | D:12     | Received a gift from Nemelex Xobeh
 14021 | D:12     | Found a portal to a secret trove of treasure.
 14025 | D:12     | You fall through a shaft!
 14142 | D:13     | Noticed Rupert
 14194 | D:13     | Found a shimmering altar of Xom.
 14214 | D:13     | Noticed a two-headed ogre
 14218 | D:13     | Reached XP level 13. HP: 32/87 MP: 20/20
 14241 | D:13     | Reached skill level 10 in Invocations
 14489 | D:13     | Reached skill level 13 in Long Blades
 14567 | D:13     | Noticed Nessos
 14599 | D:13     | Killed Nessos
 14604 | D:13     | Slain by a white ugly thing

Vault maps used:
D:1:      mainiacjoe_arrival_reflecting_pool, kennysheep_flooded_box,
          minmay_pentomino_o2
D:2:      chequers_ecumenical_altar_simple
D:3:      dancing_weapons_uskayaw, corner_web_ring, kennysheep_generic_room_9
D:4:      tso_oasis_becter, hangedman_decor_growths, kennysheep_generic_room_11,
          uniq_natasha
D:5:      lemuel_insect_pit, nemelex_xobeh_ov_fountains_minmay, first_bread,
          uniq_menkaure
D:6:      minmay_temple_entry_from_below_a, grunt_dithmenos_smoke_and_mirrors
D:7:      serial_shops, shop_fountains
D:8:      lemuel_doored_altar, serial_glass, glass_columns_b, glass_columns_c,
          glass_columns_c, glass_columns_c, glass_columns_a
D:9:      erik_lair_orcish_takeover, orc_0_dummy, hangedman_fish_farm,
          uniq_erolcha
D:10:     serial_shops, shop, uniq_psyche
D:11:     lab_entry_generic
D:12:     enter_trove_1
D:13:     david_vaults_3, basic_altar, st_stairs_1, moated_statue
Lair:1:   minmay_hedge_maze, uniq_grum
Lair:2:   minmay_swamp_entry_worms, minivault_25, uniq_sonja
Lab:      labyrinth_green, lab_statue, lab_block, labyrinth_skeletal_remains,
          labyrinth_fake_exit, nicolae_lab_grate

Skill      XL: |  1  2  3  4  5  6  7  8  9 10 11 12 13 |
---------------+----------------------------------------+-----
Long Blades    | 3 4 5 6 7 9 10 11 12 13 | 13.1
Armour         | 1 2 3 4 6 7 9 11 | 11.6
Dodging        | 3 4 5 |  5.1
Throwing       | 3 |  3.1
Invocations    | 1 5 6 9 10 | 10.6
Evocations     | 4 6 |  6.0
Shields        | 4 |  4.3
Fighting       | |  2.0

Action                   |  1- 3 |  4- 6 |  7- 9 | 10-12 | 13-15 || total
-------------------------+-------+-------+-------+-------+-------++-------
Melee: Long sword        |   129 |   271 |   596 |   660 |       ||  1656
       Demon blade       |       |       |       |   204 |    93 ||   297
Throw: Javelin           |       |     1 |     3 |       |       ||     4
Evoke: Deck              |       |       |     8 |    18 |     4 ||    30
  Use: Scroll            |     1 |    10 |     6 |    22 |       ||    39
       Potion            |       |       |     4 |     1 |       ||     5
 Stab: Sleeping          |     1 |       |       |       |       ||     1
       Distracted        |       |       |       |     3 |     1 ||     4
  Eat: Chunk             |     1 |     6 |    10 |     5 |       ||    22
       Fruit             |       |     3 |     3 |     4 |       ||    10
       Royal jelly       |       |       |     1 |     6 |       ||     7
       Meat ration       |       |       |       |     1 |       ||     1
Armor: Leather armour    |    55 |       |       |       |       ||    55
       Ring mail         |       |   108 |    43 |       |       ||   151
       Chain mail        |       |       |   346 |   435 |    54 ||   835
       Skin              |       |       |       |    20 |       ||    20
Dodge: Dodged            |   137 |   183 |   248 |   254 |    43 ||   865
Block: Other             |       |    39 |    96 |    40 |       ||   175
       Buckler           |       |       |       |   189 |    47 ||   236
       Reflection        |       |       |       |     5 |     4 ||     9
       Rpst.: Long sword |    36 |    62 |    75 |    48 |       ||   221
       Demon blade       |       |       |       |    15 |    13 ||    28
